 Dungeon Crawl Stone Soup version 0.18.1-5-g4a78601 (webtiles) character file.

1385 deorigin the Carver (level 8, 64/64 HPs)
             Began as a Minotaur Berserker on May 10, 2016.
             Was an Initiate of Okawaru.
             Quit the game in the Ecumenical Temple.
             The game lasted 00:12:47 (4924 turns).

deorigin the Carver (Minotaur Berserker)            Turns: 4924, Time: 00:12:48

Health: 64/64      AC: 11    Str: 22    XL:     8   Next: 40%
Magic:  7/7        EV:  7    Int:  4    God:    Okawaru [......]
Gold:   137        SH:  0    Dex: 12    Spells: 0 memorised, 7 levels left

rFire  . . .     SeeInvis +     a - +0 falchion
rCold  . . .     Gourm    .     A - +0 plate armour (curse)
rNeg   . . .     Faith    .     (no shield)
rPois  .         Spirit   .     (helmet restricted)
rElec  .         Dismiss  .     (no cloak)
rCorr  .         Reflect  .     (no gloves)
SustAt .         Harm     .     (no boots)
MR     .....                    (no amulet)
Stlth  ..........               (no ring)
                                f - ring of see invisible

@: not resistant to hostile enchantments, extremely unstealthy
A: retaliatory headbutt, horns 2
a: Renounce Religion


You were in the Ecumenical Temple.
You worshipped Okawaru.
Okawaru was noncommittal.
You were full.

You visited 2 branches of the dungeon, and saw 6 of its levels.

You collected 137 gold pieces.

Inventory:

Hand Weapons
 a - a +0 falchion (weapon)
Missiles
 q - 20 poisoned needles
Armour
 b - a +0 animal skin
 g - a +0 hat
 l - a +0 ring mail
 v - a -1 leather armour
 y - a +0 scale mail
 A - a cursed +0 plate armour (worn)
Jewellery
 f - a ring of see invisible (left hand)
Wands
 k - a wand of acid (7/15)
 p - a wand of lightning (8/15)
 w - a wand of polymorph (9/24)
 D - a wand of lightning (8/15)
Scrolls
 i - a scroll of recharging {unknown}
 m - a scroll of teleportation
 n - a scroll of immolation {unknown}
 r - 2 scrolls of random uselessness {unknown}
 s - a scroll of fear {unknown}
 u - 5 scrolls of remove curse
Potions
 d - a potion of flight {unknown}
 e - 2 potions of curing
 t - 2 potions of degeneration
 z - 3 potions of heal wounds
 B - 2 potions of brilliance
 E - a potion of resistance {unknown}
 F - a potion of agility {unknown}
Books
 h - a book of the Sky

   Spells                             Type                      Level
   a - Summon Lightning Spire         Summoning/Air                4
   b - Airstrike                      Air                          4
   c - Silence                        Hexes/Air                    5
   d - Deflect Missiles               Charms/Air                   6
   e - Conjure Ball Lightning         Conjuration/Air              6
   f - Tornado                        Air                          9
 j - a book of Spatial Translocations

   Spells                             Type                      Level
   a - Apportation                    Translocation                1
   b - Blink                          Translocation                2
   c - Shroud of Golubria             Charms/Translocation         2
   d - Portal Projectile              Translocation                3
   e - Teleport Other                 Translocation                3
   f - Passage of Golubria            Translocation                4
Comestibles
 c - 4 bread rations


   Skills:
 - Level 3.6 Fighting
 + Level 11.6 Long Blades
 - Level 2.4 Armour
 - Level 2.1 Dodging
 + Level 3.6 Stealth


You had 7 spell levels left.
You didn't know any spells.

Dungeon Overview and Level Annotations

Branches:
Dungeon (5/15)             Temple (1/1) D:5

Altars:
Ashenzari
Dithmenos
Elyvilon
Fedhas
Kikubaaqudgha
Okawaru
Pakellas
Qazlal
Sif Muna
Zin
The Shining One


Innate Abilities, Weirdness & Mutations

You reflexively headbutt those who attack you in melee.
You have a pair of horns on your head.


Message History

You open the door.
Found a stormy altar of Qazlal.
There is an open door here.
There is an open door here.
You open the door.
Found an iron altar of Okawaru.
There is an open door here.
There is an iron altar of Okawaru here.
You kneel at the altar of Okawaru.
You have lost your religion!
Trog does not appreciate desertion!
Okawaru welcomes you!
Okay, then.
Quiver which item? (- for none, * to show all) (? for menu, Esc to quit)
Okay, then.
Drink which item? (? for menu, Esc to quit)
Okay, then.
Quiver which item? (- for none, * to show all) (? for menu, Esc to quit)
Okay, then.
Are you sure you want to abandon this character and quit the game? (Confirm with "yes".)

##...##....
.......
#.....#....
P.......+
#.._..'....
##.......#
#.....#....
#P.......#
##...##....
##.......######
#### #....
#P.......##...##
##...##....
##.......#.....#
#.....#....
#P.......'..@..#
#.._..'....
##.......#.....#
#.....#....
#P.......##...##
##...##....
##.......######
#### #....
#P.......##...##
##...##....
##.......#.....#
#.....#....
#P.......'.._..#
#.._..'....
##.......#.....#
#.....#....
#.......##...##
##...##....


There were no monsters in sight!

Vanquished Creatures
  Prince Ribbit (D:5)
  Sigmund (D:2)
  The ghost of Sagrath01 the Ruffian, an amateur NaTm of Ashenzari (D:3)
  Eustachio (D:4)
  Menkaure (D:4)
  Edmund (D:5)
  A water moccasin (D:5)
  An ice beast (D:5)
  An ogre (D:4)
  2 howler monkeys (D:5)
  A hound (D:5)
  A giant frog skeleton (D:3)
  3 adders (D:2)
  2 oozes
  2 adder skeletons
  A worm (D:2)
  13 orcs
  A ball python (D:3)
  2 giant cockroaches
  7 goblins
  7 hobgoblins
  10 jackals
  7 kobolds
  4 quokkas
  8 bats
  4 giant newts
  6 rats
90 creatures vanquished.

Notes
Turn   | Place    | Note
--------------------------------------------------------------
     0 | D:1      | deorigin the Minotaur Berserker began the quest for the Orb.
     0 | D:1      | Reached XP level 1. HP: 19/19 MP: 0/0
    84 | D:1      | Reached skill level 4 in Long Blades
   109 | D:1      | Reached XP level 2. HP: 13/26 MP: 1/1
  1191 | D:2      | Reached skill level 5 in Long Blades
  1191 | D:2      | Reached XP level 3. HP: 26/31 MP: 2/2
  1452 | D:2      | Found a deep blue altar of Sif Muna.
  1615 | D:2      | Noticed Sigmund
  1637 | D:2      | Killed Sigmund
  1637 | D:2      | Reached ** piety under Trog
  1637 | D:2      | Reached skill level 7 in Long Blades
  1637 | D:2      | Reached skill level 1 in Stealth
  1637 | D:2      | Reached XP level 4. HP: 4/39 MP: 3/3
  1637 | D:2      | Reached XP level 5. HP: 5/45 MP: 4/4
  2199 | D:3      | Noticed Sagrath01's ghost (amateur NaTm)
  2217 | D:3      | Killed Sagrath01's ghost
  2217 | D:3      | Reached skill level 8 in Long Blades
  2217 | D:3      | Reached XP level 6. HP: 13/51 MP: 5/5
  2495 | D:3      | Found a glowing golden altar of the Shining One.
  2653 | D:3      | Found an oddly glowing altar of Pakellas.
  2655 | D:3      | Found a blossoming altar of Fedhas.
  2664 | D:3      | Found a shadowy altar of Dithmenos.
  3442 | D:4      | Noticed Menkaure
  3446 | D:4      | Killed Menkaure
  3446 | D:4      | Reached skill level 9 in Long Blades
  3446 | D:4      | Reached XP level 7. HP: 52/57 MP: 6/6
  3685 | D:4      | Noticed Eustachio
  3739 | D:4      | Killed Eustachio
  3739 | D:4      | Reached *** piety under Trog
  4167 | D:5      | Entered Level 5 of the Dungeon
  4184 | D:5      | Reached skill level 10 in Long Blades
  4707 | D:5      | Reached XP level 8. HP: 49/64 MP: 7/7
  4717 | D:5      | Noticed Prince Ribbit
  4725 | D:5      | Killed Prince Ribbit
  4725 | D:5      | Reached skill level 11 in Long Blades
  4786 | D:5      | Noticed Edmund
  4796 | D:5      | Killed Edmund
  4829 | D:5      | Found a staircase to the Ecumenical Temple.
  4847 | Temple   | Entered the Ecumenical Temple
  4923 | Temple   | Fell from the grace of Trog
  4923 | Temple   | Became a worshipper of Warmaster Okawaru
  4924 | Temple   | Quit the game

Skill      XL: |  1  2  3  4  5  6  7  8 |
---------------+-------------------------+-----
Long Blades    | 4 5 7 8 9 10 11 | 11.6
Stealth        | 1 2 3 |  3.6
Fighting       | |  3.6
Armour         | |  2.4
Dodging        | |  2.1

Action                   |  1- 3 |  4- 6 |  7- 9 || total
-------------------------+-------+-------+-------++-------
Melee: Falchion          |    55 |    80 |    88 ||   223
       Headbutt          |     7 |    14 |    19 ||    40
Invok: Berserk           |     1 |     1 |     3 ||     5
  Use: Scroll            |       |     4 |     4 ||     8
 Stab: Sleeping          |       |     1 |       ||     1
  Eat: Chunk             |     2 |     7 |     5 ||    14
       Fruit             |       |     1 |     2 ||     3
       Meat ration       |       |       |     1 ||     1
Armor: Animal skin       |    17 |       |       ||    17
       Ring mail         |     1 |     6 |       ||     7
       Leather armour    |       |    15 |     9 ||    24
       Plate armour      |       |       |    20 ||    20
Dodge: Dodged            |    41 |    78 |    58 ||   177
